[Event "Cracovia Festival-A 2023"]
[Site "Krakow"]
[Date "2023.12.30"]
[Round "4.7"]
[White "Schwabeneder, Florian"]
[Black "Akhvlediani, Irakli"]
[Result "1/2-1/2"]
[ECO "A36"]
[WhiteElo "2402"]
[BlackElo "2359"]
[Annotator "ChessBase"]
[PlyCount "37"]
[EventDate "2023.12.24"]
[EventType "swiss"]
[EventCountry "POL"]
[SourceTitle "playchess.com"]
[Source "ChessBase"]
[SourceQuality "1"]
[TimeControl "40/5400+30:1800+30"]

1. c4 g6 2. g3 Bg7 3. Bg2 c5 4. Nc3 Nc6 5. d3 e6 6. h4 h6 7. Bd2 Nge7 8. Nh3 e5 9. a3 d6 10. Rb1 a5 11. e3 O-O 12. O-O Bd7 13. Kh2 Rb8 14. Ng1 Be6 15. Qb3 f5 16. Nh3 Qd7 17. f4 exf4 18. gxf4 Bf7 19. Nd5 1/2-1/2

[Event "Cracovia Festival-A 2023"]
[Site "Krakow"]
[Date "2023.12.30"]
[Round "4.8"]
[White "Balint, Peter"]
[Black "Dzida, Kamil"]
[Result "0-1"]
[ECO "C90"]
[WhiteElo "2187"]
[BlackElo "2396"]
[Annotator "RC"]
[PlyCount "116"]
[EventDate "2023.12.24"]
[EventType "swiss"]
[EventCountry "POL"]
[SourceTitle "playchess.com"]
[Source "ChessBase"]
[SourceQuality "1"]
[TimeControl "40/5400+30:1800+30"]

1. e4 e5 2. Nf3 Nc6 3. Bb5 a6 4. Ba4 Nf6 5. O-O Be7 6. d3 b5 7. Bb3 d6 8. c3 O-O 9. Re1 Na5 10. Bc2 c5 11. Nbd2 Qc7 12. Nf1 Nc6 13. Ng3 Re8 14. h3 g6 15. Bg5 Be6 16. d4 cxd4 17. cxd4 Nxd4 18. Nxd4 exd4 19. Qxd4 Qxc2 20. Bxf6 Qc5 21. a3 Rac8 22. Rad1 Bxf6 23. Qxf6 Qe5 24. Qh4 Rc2 25. b4 Bc4 26. Re3 Ra2 27. Nf5 Ra1 28. Nh6+ Kg7 29. Rxa1 Qxa1+ 30. Kh2 Be6 31. f4 Qd4 32. Re1 Bd7 33. f5 Qe5+ 34. Kh1 Bxf5 35. Rf1 Be6 36. Rf2 Rc8 37. Rf1 Rc4 38. Ng4 Bxg4 39. Qxg4 Rxe4 40. Qf3 Qe6 41. Qc3+ Re5 42. Qd4 Qc4 43. Qf2 Kg8 44. Qf6 Qe6 45. Qd8+ Kg7 46. Qh4 Re4 47. Qf2 d5 48. Rd1 d4 49. Qd2 Qe5 50. Qf2 Re2 51. Qh4 Qe4 52. Qg3 Re3 53. Qf2 Rxh3+ 54. Kg1 Re3 55. Rf1 Qe6 56. Qf4 Re4 57. Qc7 Rh4 58. Qc5 Qe3+ 0-1

[Event "Cracovia Festival-A 2023"]
[Site "Krakow"]
[Date "2023.12.30"]
[Round "4.9"]
[White "Podolskyi, Mykhailo"]
[Black "Cukrowski, Filip"]
[Result "1/2-1/2"]
[ECO "D37"]
[WhiteElo "2177"]
[BlackElo "2402"]
[Annotator "RC"]
[PlyCount "58"]
[EventDate "2023.12.24"]
[EventType "swiss"]
[EventCountry "POL"]
[SourceTitle "playchess.com"]
[Source "ChessBase"]
[SourceQuality "1"]
[TimeControl "40/5400+30:1800+30"]

1. d4 Nf6 2. c4 e6 3. Nf3 d5 4. Nc3 dxc4 5. e3 a6 6. a4 b6 7. Bxc4 Bb7 8. O-O c5 9. Qe2 Nbd7 10. Rd1 Qb8 11. b3 Be7 12. Bb2 O-O 13. Rac1 Rd8 14. h3 Nf8 15. Ne5 Ng6 16. Nxg6 hxg6 17. Ba3 Qc7 18. dxc5 Rxd1+ 19. Nxd1 Bxc5 20. Bd3 a5 21. Bxc5 bxc5 22. Qc2 Rd8 23. Nc3 Qe5 24. Bf1 g5 25. Be2 g6 26. Nb5 Ne4 27. Bd3 Nf6 28. Be2 Ne4 29. Bd3 Nf6 1/2-1/2

[Event "Cracovia Festival-A 2023"]
[Site "Krakow"]
[Date "2023.12.30"]
[Round "4.10"]
[White "Kozak, Antoni"]
[Black "Ashwath, R.."]
[Result "1/2-1/2"]
[ECO "C72"]
[WhiteElo "2442"]
[BlackElo "2284"]
[Annotator "RC"]
[PlyCount "92"]
[EventDate "2023.12.24"]
[EventType "swiss"]
[EventCountry "POL"]
[SourceTitle "playchess.com"]
[Source "ChessBase"]
[SourceQuality "1"]
[TimeControl "40/5400+30:1800+30"]

1. e4 e5 2. Nf3 Nc6 3. Bb5 a6 4. Ba4 d6 5. O-O Bd7 6. d4 b5 7. Bb3 Nxd4 8. Nxd4 exd4 9. c3 d3 10. Qxd3 Nf6 11. Qg3 Nh5 12. Qf3 Nf6 13. Qg3 Nh5 14. Qf3 Nf6 15. Bf4 Be7 16. Nd2 O-O 17. h3 Be6 18. Rad1 Nd7 19. Qg3 Bh4 20. Qe3 Bf6 21. Nf3 Bxb3 22. axb3 Re8 23. Nd4 Bxd4 24. cxd4 Nf6 25. f3 Nd5 26. Qd2 Nxf4 27. Qxf4 c6 28. Rf2 a5 29. Rc2 Qd7 30. Rdc1 Rec8 31. Qe3 h6 32. Rc3 Rc7 33. Kh2 Rac8 34. f4 c5 35. dxc5 dxc5 36. Rd3 Qe7 37. Rd5 a4 38. e5 axb3 39. Qxb3 Rd7 40. f5 Rxd5 41. Qxd5 Qh4 42. Rxc5 Qf4+ 43. Kh1 Qf1+ 44. Kh2 Qf4+ 45. Kh1 Qf1+ 46. Kh2 Qf4+ 1/2-1/2

[Event "Cracovia Festival-A 2023"]
[Site "Krakow"]
[Date "2023.12.30"]
[Round "4.11"]
[White "Golubka, Petro"]
[Black "Ernst, Robert"]
[Result "1/2-1/2"]
[ECO "D10"]
[WhiteElo "2440"]
[BlackElo "2271"]
[Annotator "ChessBase"]
[PlyCount "83"]
[EventDate "2023.12.24"]
[EventType "swiss"]
[EventCountry "POL"]
[SourceTitle "playchess.com"]
[Source "ChessBase"]
[SourceQuality "1"]
[TimeControl "40/5400+30:1800+30"]

1. d4 d5 2. c4 c6 3. cxd5 cxd5 4. Bf4 Nc6 5. e3 Nf6 6. Nc3 Bf5 7. Qb3 Na5 8. Qa4+ Bd7 9. Qc2 Rc8 10. Bd3 e6 11. Nf3 Nc4 12. O-O Be7 13. Bxc4 Rxc4 14. Ne5 Rc8 15. Qb3 Bc6 16. Rfc1 O-O 17. Nxc6 bxc6 18. Na4 Nd7 19. Qb7 c5 20. dxc5 Nxc5 21. Nxc5 Bxc5 22. b4 Qb6 23. Qxb6 Bxb6 24. a4 a6 25. Kf1 f6 26. a5 Ba7 27. Bd6 Rfe8 28. Ke2 Kf7 29. Rab1 e5 30. b5 axb5 31. Rxc8 Rxc8 32. Rxb5 Ke6 33. Bb4 Rc7 34. g4 g6 35. a6 f5 36. gxf5+ gxf5 37. Ra5 Bb6 38. Ra3 Ba7 39. Rc3 Kd7 40. Rd3 Ke6 41. Rc3 Kd7 42. Rd3 1/2-1/2

[Event "Cracovia Festival-A 2023"]
[Site "Krakow"]
[Date "2023.12.30"]
[Round "4.12"]
[White "Pajeken, Jakob Leon"]
[Black "Damia, Angelo"]
[Result "1-0"]
[ECO "B02"]
[WhiteElo "2428"]
[BlackElo "2251"]
[Annotator "ChessBase"]
[PlyCount "49"]
[EventDate "2023.12.24"]
[EventType "swiss"]
[EventCountry "POL"]
[SourceTitle "playchess.com"]
[Source "ChessBase"]
[SourceQuality "1"]
[TimeControl "40/5400+30:1800+30"]

1. e4 Nf6 2. e5 Ng8 3. d4 d6 4. Nf3 dxe5 5. Nxe5 Nd7 6. Qf3 Nxe5 7. dxe5 e6 8. Nc3 Bb4 9. Bd2 Ne7 10. O-O-O Bxc3 11. Bxc3 Nd5 12. Qg3 O-O 13. Bb4 Re8 14. c4 Nxb4 15. Rxd8 Rxd8 16. a3 Nc6 17. Bd3 Bd7 18. Rd1 Be8 19. h4 Rd4 20. Bxh7+ Kxh7 21. Rxd4 Nxd4 22. Qd3+ Nf5 23. g4 g6 24. gxf5 exf5 25. b4 1-0

[Event "Cracovia Festival-A 2023"]
[Site "Krakow"]
[Date "2023.12.30"]
[Round "4.13"]
[White "Bogdanov, Egor"]
[Black "Fishchuk, Vladyslav"]
[Result "1-0"]
[ECO "C11"]
[WhiteElo "2394"]
[BlackElo "2198"]
[Annotator "RC"]
[PlyCount "85"]
[EventDate "2023.12.24"]
[EventType "swiss"]
[EventCountry "POL"]
[SourceTitle "playchess.com"]
[Source "ChessBase"]
[SourceQuality "1"]
[TimeControl "40/5400+30:1800+30"]

1. e4 e6 2. d4 d5 3. Nc3 Nf6 4. e5 Nfd7 5. f4 c5 6. Nf3 Nc6 7. Ne2 Qb6 8. c3 f6 9. g3 Be7 10. Bh3 a5 11. Bxe6 Ndxe5 12. Bxd5 Nxf3+ 13. Bxf3 cxd4 14. Nxd4 Nxd4 15. cxd4 Bh3 16. Qb3 Qxd4 17. Be3 a4 18. Qb5+ Qd7 19. Qxd7+ Bxd7 20. Bxb7 Rb8 21. Bd5 Rxb2 22. O-O Bb4 23. Rab1 a3 24. Bd4 Rxb1 25. Rxb1 Bd6 26. Rb7 Ke7 27. Bc6 Rd8 28. Kf2 Ke8 29. Rxd7 Rxd7 30. Ke3 Ke7 31. Bxd7 Kxd7 32. Ke4 Kc6 33. g4 Kb5 34. h4 Kc4 35. f5 Bg3 36. h5 Bh4 37. Be3 Bg3 38. g5 fxg5 39. Bd4 g4 40. Bxg7 Bd6 41. f6 g3 42. Kf3 Be5 43. h6 1-0

[Event "Cracovia Festival-A 2023"]
[Site "Krakow"]
[Date "2023.12.30"]
[Round "4.14"]
[White "Kulkarni Bhakti"]
[Black "Aakash Sharadchandra, Dalvi"]
[Result "1/2-1/2"]
[ECO "D30"]
[WhiteElo "2364"]
[BlackElo "2130"]
[Annotator "ChessBase"]
[PlyCount "37"]
[EventDate "2023.12.24"]
[EventType "swiss"]
[EventCountry "POL"]
[SourceTitle "playchess.com"]
[Source "ChessBase"]
[SourceQuality "1"]
[TimeControl "40/5400+30:1800+30"]

1. d4 d5 2. c4 e6 3. g3 dxc4 4. Bg2 c5 5. Nf3 Nc6 6. O-O cxd4 7. Qa4 Bd7 8. Qxc4 e5 9. Ng5 Nh6 10. Bd5 Qe7 11. Bd2 f6 12. Ne6 Rc8 13. Qb3 Nf5 14. Na3 Nb4 15. Bc4 a5 16. Nxf8 Kxf8 17. Nb5 g5 18. a3 Nc6 19. e4 1/2-1/2

[Event "Cracovia Festival-A 2023"]
[Site "Krakow"]
[Date "2023.12.30"]
[Round "4.15"]
[White "Anwesh, Upadhyaya"]
[Black "Vasynda, Oleksandr"]
[Result "1/2-1/2"]
[ECO "B35"]
[WhiteElo "2350"]
[BlackElo "2153"]
[Annotator "RC"]
[PlyCount "91"]
[EventDate "2023.12.24"]
[EventType "swiss"]
[EventCountry "POL"]
[SourceTitle "playchess.com"]
[Source "ChessBase"]
[SourceQuality "1"]
[TimeControl "40/5400+30:1800+30"]

1. e4 c5 2. Nf3 Nc6 3. d4 cxd4 4. Nxd4 Nf6 5. Nc3 g6 6. Be3 Bg7 7. Bc4 O-O 8. Bb3 a6 9. O-O d6 10. h3 Bd7 11. Re1 b5 12. Nd5 Rc8 13. Nxc6 Bxc6 14. Bg5 Bxd5 15. exd5 Re8 16. c3 Nd7 17. a4 b4 18. cxb4 Bxb2 19. Rb1 Bf6 20. Bxf6 Nxf6 21. a5 Qc7 22. Qd4 Qc3 23. Qf4 Qd3 24. Red1 Qe4 25. Qd2 Rb8 26. Bc2 Qh4 27. Ba4 Rec8 28. Bc6 e6 29. b5 axb5 30. a6 Nxd5 31. a7 Ra8 32. Bxa8 Rxa8 33. Ra1 Qe7 34. Qd4 b4 35. Ra6 Qc7 36. Rda1 h6 37. Qd3 Qb7 38. Qg3 b3 39. Qxd6 Kh7 40. Qa3 Nf4 41. f3 Qb5 42. Qb2 Nd3 43. Qf6 b2 44. Qxf7+ Kh8 45. Qf6+ Kh7 46. Qf7+ 1/2-1/2

[Event "Cracovia Festival-A 2023"]
[Site "Krakow"]
[Date "2023.12.30"]
[Round "4.16"]
[White "Steindl, Johannes"]
[Black "Buchenau, Frank"]
[Result "1-0"]
[ECO "B18"]
[WhiteElo "2334"]
[BlackElo "2135"]
[Annotator "ChessBase"]
[PlyCount "43"]
[EventDate "2023.12.24"]
[EventType "swiss"]
[EventCountry "POL"]
[SourceTitle "playchess.com"]
[Source "ChessBase"]
[SourceQuality "1"]
[TimeControl "40/5400+30:1800+30"]

1. e4 c6 2. d4 d5 3. Nd2 dxe4 4. Nxe4 Bf5 5. Ng3 Bg6 6. h4 h6 7. Nf3 e6 8. Ne5 Bh7 9. Bd3 Bxd3 10. Qxd3 Nf6 11. Bd2 Be7 12. O-O-O O-O 13. Kb1 c5 14. d5 Qxd5 15. Qe2 Nc6 16. Bf4 Nd4 17. Qe3 Qd8 18. c3 Nd5 19. Qc1 Nxf4 20. Qxf4 Bd6 21. cxd4 f6 22. Qg4 1-0

[Event "Cracovia Festival-A 2023"]
[Site "Krakow"]
[Date "2023.12.30"]
[Round "4.17"]
[White "Nemsadze, Daviti"]
[Black "Lewicki, Miroslaw"]
[Result "0-1"]
[ECO "B90"]
[WhiteElo "2253"]
[BlackElo "2321"]
[Annotator "ChessBase"]
[PlyCount "84"]
[EventDate "2023.12.24"]
[EventType "swiss"]
[EventCountry "POL"]
[SourceTitle "playchess.com"]
[Source "ChessBase"]
[SourceQuality "1"]
[TimeControl "40/5400+30:1800+30"]

1. e4 c5 2. Nf3 d6 3. d4 cxd4 4. Nxd4 Nf6 5. Nc3 a6 6. h3 e5 7. Nb3 Be7 8. g4 h6 9. Be3 Nbd7 10. Bg2 Nf8 11. f4 exf4 12. Bxf4 Ng6 13. Bg3 O-O 14. O-O Be6 15. Kh1 Rc8 16. Nd4 Qb6 17. Rb1 Ne5 18. Nf5 Bxf5 19. exf5 Rc4 20. Qe2 Rfc8 21. Bf2 Qc7 22. Rfd1 b5 23. a3 b4 24. axb4 Rxb4 25. Qxa6 d5 26. Bg3 Bd6 27. Nxd5 Nxd5 28. Rxd5 Rb6 29. Qe2 Nc4 30. Bxd6 Nxd6 31. Rbd1 Ne8 32. Rd7 Qxc2 33. Qe7 Rxb2 34. Qxf7+ Kh8 35. Rg1 Rb1 36. Qf8+ Kh7 37. Qa3 Rc3 38. Qa7 Rb2 39. Kh2 Qb3 40. Ra1 Rxh3+ 41. Kg1 Rxg2+ 42. Kxg2 Qf3+ 0-1

[Event "Cracovia Festival-A 2023"]
[Site "Krakow"]
[Date "2023.12.30"]
[Round "4.18"]
[White "Eke, Salih"]
[Black "Lukasiewicz, Krzysztof"]
[Result "0-1"]
[ECO "D37"]
[WhiteElo "2217"]
[BlackElo "2290"]
[Annotator "RC"]
[PlyCount "76"]
[EventDate "2023.12.24"]
[EventType "swiss"]
[EventCountry "POL"]
[SourceTitle "playchess.com"]
[Source "ChessBase"]
[SourceQuality "1"]
[TimeControl "40/5400+30:1800+30"]

1. d4 d5 2. c4 e6 3. Nf3 Nf6 4. Nc3 a6 5. cxd5 exd5 6. Bg5 Be6 7. e3 Nbd7 8. Bd3 Bd6 9. Bf4 Bxf4 10. exf4 Bg4 11. Qe2+ Kf8 12. O-O g6 13. Qe3 Bxf3 14. Qxf3 c6 15. g4 Kg7 16. g5 Nh5 17. Ne2 h6 18. Qg4 Nf8 19. Ng3 hxg5 20. fxg5 Ne6 21. f4 Qb6 22. f5 Qxd4+ 23. Qxd4+ Nxd4 24. f6+ Kf8 25. Rae1 Re8 26. Rxe8+ Kxe8 27. Re1+ Kd7 28. Re7+ Kd6 29. Rxf7 Nxg3 30. hxg3 Nf3+ 31. Kf2 Ne5 32. Bxg6 Nxg6 33. Rg7 Ne5 34. Ke3 b6 35. f7 Rf8 36. g6 Ke7 37. Kd4 Kf6 38. Rg8 Nxg6 0-1

[Event "Cracovia Festival-A 2023"]
[Site "Krakow"]
[Date "2023.12.30"]
[Round "4.19"]
[White "Valiyev, Shahin"]
[Black "Antolak, Julia"]
[Result "0-1"]
[ECO "C78"]
[WhiteElo "2158"]
[BlackElo "2287"]
[Annotator "RC"]
[PlyCount "120"]
[EventDate "2023.12.24"]
[EventType "swiss"]
[EventCountry "POL"]
[SourceTitle "playchess.com"]
[Source "ChessBase"]
[SourceQuality "1"]
[TimeControl "40/5400+30:1800+30"]

1. e4 e5 2. Nf3 Nc6 3. Bb5 a6 4. Ba4 Nf6 5. O-O Bc5 6. c3 O-O 7. d4 Ba7 8. Re1 b5 9. Bb3 d6 10. h3 h6 11. Be3 Bd7 12. Nbd2 Re8 13. dxe5 Bxe3 14. Rxe3 Nxe5 15. Nxe5 dxe5 16. Nf1 c5 17. Ng3 c4 18. Bc2 Qb6 19. Qf3 Rad8 20. Rd1 Be6 21. Ree1 a5 22. a3 b4 23. axb4 axb4 24. Nf1 b3 25. Bb1 Rxd1 26. Rxd1 Rd8 27. Re1 Rd6 28. Qe2 Nd7 29. Ne3 Nc5 30. Kh2 Qd8 31. Nd5 f5 32. f3 Qh4 33. Rd1 Bxd5 34. exd5 Nd7 35. g3 Qh5 36. Qxc4 Qxf3 37. Rf1 Qxd5 38. Qxd5+ Rxd5 39. Bxf5 Nc5 40. Rf2 e4 41. Bg4 e3 42. Re2 h5 43. Bf3 Re5 44. Kg2 Nd3 45. c4 Kf8 46. h4 g6 47. Kf1 Ke7 48. Rg2 Rf5 49. Ke2 Nxb2 50. Be4 Nxc4 51. Bxf5 gxf5 52. Rg1 Na3 53. Ra1 b2 54. Rxa3 b1=Q 55. Rxe3+ Kf6 56. Kf2 Qh1 57. Rf3 Qh2+ 58. Kf1 Ke5 59. Re3+ Kd4 60. Rf3 Ke5 0-1

[Event "Cracovia Festival-A 2023"]
[Site "Krakow"]
[Date "2023.12.30"]
[Round "4.20"]
[White "Zdybel, Przemyslaw"]
[Black "Sofronie, Iulian"]
[Result "1-0"]
[ECO "C45"]
[WhiteElo "2180"]
[BlackElo "2438"]
[Annotator "RC"]
[PlyCount "115"]
[EventDate "2023.12.24"]
[EventType "swiss"]
[EventCountry "POL"]
[SourceTitle "playchess.com"]
[Source "ChessBase"]
[SourceQuality "1"]
[TimeControl "40/5400+30:1800+30"]

1. e4 e5 2. Nf3 Nc6 3. d4 exd4 4. Nxd4 Nf6 5. Nxc6 bxc6 6. Nd2 d5 7. exd5 cxd5 8. Bb5+ Bd7 9. Bxd7+ Qxd7 10. O-O Be7 11. b3 O-O 12. Bb2 Qf5 13. Nf3 Ne4 14. Qd3 Rad8 15. Nd4 Qg6 16. f3 c5 17. Ne2 c4 18. Qe3 Bg5 19. f4 Be7 20. Bd4 Rfe8 21. Rad1 Nd6 22. Qd2 a6 23. Ng3 Qg4 24. Bb6 Rb8 25. Bc7 Rbc8 26. Bxd6 Bxd6 27. Qxd5 Bxf4 28. Qf5 Be3+ 29. Kh1 Qxf5 30. Nxf5 Bc5 31. bxc4 a5 32. Rd2 a4 33. g3 Rc7 34. Rfd1 g6 35. Rd8 Rc8 36. Rxc8 Rxc8 37. Nh4 Be7 38. Ng2 Rxc4 39. Ne3 Rc6 40. Nd5 Bf8 41. c3 Re6 42. Nf4 Re3 43. Rc1 g5 44. Nd5 Re2 45. c4 Bc5 46. Nc3 Rf2 47. Nxa4 Ba3 48. Rc3 Rxa2 49. Rb3 Be7 50. Nc3 Rc2 51. g4 Kg7 52. Nd5 Bc5 53. Rc3 Ra2 54. Ne3 Kf6 55. Nd5+ Ke5 56. Rf3 h5 57. Rf5+ Ke4 58. Nc3+ 1-0

[Event "Cracovia Festival-A 2023"]
[Site "Krakow"]
[Date "2023.12.30"]
[Round "4.21"]
[White "Yezhel, Valiantsin"]
[Black "Pacan-Milej, Kosma"]
[Result "0-1"]
[ECO "E70"]
[WhiteElo "2311"]
[BlackElo "2425"]
[Annotator "RC"]
[PlyCount "192"]
[EventDate "2023.12.24"]
[EventType "swiss"]
[EventCountry "POL"]
[SourceTitle "playchess.com"]
[Source "ChessBase"]
[SourceQuality "1"]
[TimeControl "40/5400+30:1800+30"]

1. d4 Nf6 2. c4 g6 3. Nc3 Bg7 4. e4 O-O 5. Be3 d6 6. h3 Na6 7. Nf3 e5 8. d5 Nh5 9. Nd2 Qe8 10. g4 Nf4 11. Qb3 Qe7 12. O-O-O Nc5 13. Qc2 a5 14. Kb1 b6 15. a3 Bd7 16. Nb3 Na6 17. Nc1 f5 18. f3 fxe4 19. fxe4 Bf6 20. Qd2 Rf7 21. Bd3 Nc5 22. Bc2 a4 23. Rdg1 Bg5 24. Nd3 Nb7 25. h4 Bxh4 26. Nxf4 exf4 27. Bxf4 Bf6 28. e5 Bxe5 29. Bg5 Qf8 30. Bh6 Rf2 31. Qe1 Qf3 32. Be4 Bxc3 33. bxc3 Qe2 34. Qxe2 Rxe2 35. Bd3 Re7 36. Rh2 Nc5 37. Kc2 Rae8 38. Rf2 Rf7 39. Rxf7 Kxf7 40. Rf1+ Kg8 41. Rf4 Nb7 42. Bg5 Nd8 43. Bf6 Nf7 44. g5 Ne5 45. Kd2 Ng4 46. Bd4 Ne5 47. Be3 Bg4 48. Bf2 Rf8 49. Rxf8+ Kxf8 50. Ke3 Bf5 51. Be2 Kg7 52. Kf4 Bd3 53. Bd1 h6 54. gxh6+ Kxh6 55. c5 g5+ 56. Ke3 bxc5 57. Bxa4 Ba6 58. Ke4 Bd3+ 59. Ke3 Bf1 60. Ke4 Bg2+ 61. Kf5 Bh3+ 62. Ke4 Nc4 63. Bb5 Nxa3 64. Bd3 Kg6 65. Kf3+ Bf5 66. Be2 Kf6 67. Be3 Bg6 68. Kg4 Bf5+ 69. Kf3 Nc2 70. Bd2 Ke5 71. Bxg5 Be4+ 72. Kf2 Kxd5 73. Ba6 Na3 74. Ke3 Bg6 75. Ke2 c4 76. Bf6 Bf5 77. Bb7+ c6 78. Bd4 Nb5 79. Bg7 Kc5 80. Ba6 Nc7 81. Bd4+ Kd5 82. Bb7 Ne6 83. Bb6 Nc5 84. Ba8 Nd7 85. Bd4 Nc5 86. Ke3 Bc8 87. Ke2 Bd7 88. Ke3 Na4 89. Bb7 Ke6 90. Kd2 d5 91. Bf2 Kd6 92. Bg3+ Kc5 93. Bc7 Kb5 94. Kc2 Nc5 95. Ba8 Ka6 96. Bb8 Na4 0-1

[Event "Cracovia Festival-A 2023"]
[Site "Krakow"]
[Date "2023.12.30"]
[Round "4.22"]
[White "Niedbala, Bartlomiej"]
[Black "Suder, Jakub"]
[Result "1/2-1/2"]
[ECO "C11"]
[WhiteElo "2393"]
[BlackElo "2312"]
[Annotator "ChessBase"]
[PlyCount "63"]
[EventDate "2023.12.24"]
[EventType "swiss"]
[EventCountry "POL"]
[SourceTitle "playchess.com"]
[Source "ChessBase"]
[SourceQuality "1"]
[TimeControl "40/5400+30:1800+30"]

1. e4 e6 2. d4 d5 3. Nc3 Nf6 4. e5 Nfd7 5. f4 c5 6. Nf3 Nc6 7. Be3 Be7 8. Qd2 O-O 9. dxc5 Qa5 10. a3 Bxc5 11. h4 Bxe3 12. Qxe3 f6 13. exf6 Nxf6 14. O-O-O a6 15. g3 Kh8 16. h5 Ng4 17. Qg1 Bd7 18. Bh3 Nf6 19. h6 gxh6 20. Ne5 Qc7 21. Nxd7 Qxd7 22. Qc5 Rad8 23. Rhe1 Rfe8 24. Kb1 h5 25. Qf2 Qf7 26. Re2 Re7 27. Rde1 Rde8 28. Qc5 Qg8 29. Qf2 Qf7 30. Qc5 Qg8 31. Qf2 Qf7 32. Qc5 1/2-1/2

[Event "Cracovia Festival-A 2023"]
[Site "Krakow"]
[Date "2023.12.30"]
[Round "4.23"]
[White "Turski, Bartlomiej"]
[Black "Klepek, Witold"]
[Result "0-1"]
[ECO "A45"]
[WhiteElo "2380"]
[BlackElo "2252"]
[Annotator "RC"]
[PlyCount "66"]
[EventDate "2023.12.24"]
[EventType "swiss"]
[EventCountry "POL"]
[SourceTitle "playchess.com"]
[Source "ChessBase"]
[SourceQuality "1"]
[TimeControl "40/5400+30:1800+30"]

1. d4 Nf6 2. Bg5 c5 3. Bxf6 gxf6 4. d5 Qb6 5. Qc1 f5 6. c4 e5 7. Nc3 Bh6 8. e3 d6 9. f4 e4 10. Qc2 Nd7 11. g4 fxg4 12. Nxe4 Bg7 13. O-O-O Nf6 14. Nc3 O-O 15. h3 Re8 16. Re1 Qa5 17. hxg4 b5 18. cxb5 Nxd5 19. Kd2 Nxc3 20. bxc3 Bb7 21. Rh5 Be4 22. Bd3 Bxd3 23. Kxd3 Rab8 24. a4 a6 25. Ke2 axb5 26. Qxh7+ Kf8 27. axb5 Qxc3 28. Kf2 Rxb5 29. Re2 Rb2 30. Rh3 Reb8 31. g5 Qc1 32. Nf3 Rxe2+ 33. Kg3 Rxe3 0-1

[Event "Cracovia Festival-A 2023"]
[Site "Krakow"]
[Date "2023.12.30"]
[Round "4.24"]
[White "Fodor, Balazs"]
[Black "Karolczuk, Iwo"]
[Result "1/2-1/2"]
[ECO "E10"]
[WhiteElo "2225"]
[BlackElo "2365"]
[Annotator "RC"]
[PlyCount "117"]
[EventDate "2023.12.24"]
[EventType "swiss"]
[EventCountry "POL"]
[SourceTitle "playchess.com"]
[Source "ChessBase"]
[SourceQuality "1"]
[TimeControl "40/5400+30:1800+30"]

1. d4 Nf6 2. c4 e6 3. Nf3 d5 4. g3 h6 5. Bg2 Bd6 6. O-O O-O 7. Qc2 Nc6 8. a3 dxc4 9. Nbd2 b5 10. b3 Na5 11. bxc4 bxc4 12. Ne5 Rb8 13. Nexc4 Nxc4 14. Nxc4 Nd5 15. e4 Nb6 16. Na5 Bd7 17. Nc6 Bxc6 18. Qxc6 Qe8 19. Qc3 e5 20. Be3 Na4 21. Qc4 Qb5 22. Qc2 Qb3 23. Qe2 exd4 24. Bxd4 c5 25. Be3 Be5 26. Rae1 c4 27. Qg4 Kh8 28. Bh3 Rb5 29. f4 Bc3 30. Re2 Nc5 31. e5 Nd3 32. Qh4 Kh7 33. Qe7 Rbb8 34. Bf5+ Kh8 35. Be4 Qb5 36. Qh4 f6 37. Qh5 Qe8 38. Bg6 Qe7 39. e6 f5 40. Bxf5 Rb5 41. g4 Qxa3 42. Qg6 Rbxf5 43. gxf5 Bf6 44. Qg2 c3 45. Ra2 Qb3 46. Rxa7 c2 47. e7 Rg8 48. Qe4 Qb5 49. Ra8 Bxe7 50. Rxg8+ Kxg8 51. Qxe7 Qxf5 52. Qh4 c1=Q 53. Bxc1 Qc5+ 54. Kg2 Qc2+ 55. Kh1 Qc6+ 56. Kg1 Qc5+ 57. Kg2 Qc2+ 58. Kh1 Qc6+ 59. Kg1 1/2-1/2

[Event "Cracovia Festival-A 2023"]
[Site "Krakow"]
[Date "2023.12.30"]
[Round "4.25"]
[White "Hryharovich, Aliaksei"]
[Black "Kucza, Karol"]
[Result "0-1"]
[ECO "D43"]
[WhiteElo "2195"]
[BlackElo "2343"]
[Annotator "RC"]
[PlyCount "119"]
[EventDate "2023.12.24"]
[EventType "swiss"]
[EventCountry "POL"]
[SourceTitle "playchess.com"]
[Source "ChessBase"]
[SourceQuality "1"]
[TimeControl "40/5400+30:1800+30"]

1. d4 d5 2. c4 e6 3. Nf3 Nf6 4. Nc3 c6 5. g3 Nbd7 6. Bg2 dxc4 7. O-O b5 8. e4 b4 9. e5 Nd5 10. Ne4 N7b6 11. Re1 a5 12. Qc2 Qc7 13. Nfd2 Ba6 14. Nc5 Bxc5 15. dxc5 Nd7 16. Nxc4 Bxc4 17. Qxc4 O-O 18. Qd4 Rfb8 19. Bd2 Rb5 20. Rac1 Qa7 21. Be3 Rd8 22. Bxd5 exd5 23. Bg5 Re8 24. Qg4 Nf8 25. h4 Rxc5 26. h5 Ne6 27. h6 Rxc1 28. Rxc1 c5 29. hxg7 c4 30. Bf6 Rc8 31. Kg2 Qd4 32. Qf5 Qe4+ 33. Qxe4 dxe4 34. Kf1 Nxg7 35. Ke2 Nf5 36. g4 Nh6 37. f3 exf3+ 38. Kxf3 c3 39. bxc3 Rxc3+ 40. Rxc3 bxc3 41. e6 fxe6 42. Bxc3 a4 43. g5 Nf5 44. Kf4 Kf7 45. Ke5 Nh4 46. Kf4 Kg6 47. Bd2 Kh5 48. Bc1 Ng6+ 49. Kg3 Ne5 50. Be3 Nf7 51. Kf4 Nxg5 52. Ke5 Kg6 53. Kd4 Kf5 54. Kc4 h5 55. Bf2 Ne4 56. Bg1 h4 57. Kb4 Nd2 58. Kxa4 Nf3 59. Bf2 h3 60. Bg3 0-1

[Event "Cracovia Festival-A 2023"]
[Site "Krakow"]
[Date "2023.12.30"]
[Round "4.26"]
[White "Dubnevych, Maksym"]
[Black "Keinanen, Anastasia"]
[Result "1/2-1/2"]
[ECO "A06"]
[WhiteElo "2340"]
[BlackElo "2227"]
[Annotator "RC"]
[PlyCount "132"]
[EventDate "2023.12.24"]
[EventType "swiss"]
[EventCountry "POL"]
[SourceTitle "playchess.com"]
[Source "ChessBase"]
[SourceQuality "1"]
[TimeControl "40/5400+30:1800+30"]

1. Nf3 d5 2. e3 Nf6 3. b3 g6 4. Bb2 Bg7 5. Be2 O-O 6. O-O b6 7. d4 Bb7 8. Nbd2 Ne4 9. c4 e6 10. Qc2 Nd7 11. b4 f5 12. c5 c6 13. a4 bxc5 14. bxc5 Qc7 15. Nxe4 fxe4 16. Ng5 Rae8 17. f4 exf3 18. Nxf3 e5 19. Bc3 exd4 20. exd4 Nxc5 21. dxc5 Bxc3 22. Qxc3 Rxe2 23. Rae1 Ba6 24. Nd4 Rxe1 25. Rxe1 Qf4 26. Nf3 Qxa4 27. Nd4 Qc4 28. Qxc4 dxc4 29. Nxc6 c3 30. Ne7+ Kg7 31. Nd5 c2 32. Nb4 Bc4 33. Nxc2 Rc8 34. Na3 Bd3 35. Re3 Bf5 36. Re7+ Kf6 37. Rxh7 Rxc5 38. Rxa7 Bd3 39. Kf2 Re5 40. Rd7 Rf5+ 41. Ke3 Bf1 42. Rd6+ Kg5 43. Rd2 Re5+ 44. Kf2 Rf5+ 45. Kg3 Kh6 46. Nc2 Rg5+ 47. Kf3 Rf5+ 48. Ke4 Ba6 49. Rd7 Rb5 50. Ne3 Bb7+ 51. Kf4 Rb4+ 52. Kg3 Rb3 53. Re7 Bc8 54. Kf4 Rb4+ 55. Kf3 Bb7+ 56. Kg3 Rb3 57. h3 Bc8 58. Kh4 g5+ 59. Kg3 Kg6 60. Kh2 Bb7 61. Re6+ Kf7 62. Re5 Kg6 63. Nc4 Rc3 64. Rc5 Kh5 65. Rb5 Bxg2 66. Kxg2 Rxc4 1/2-1/2

[Event "Cracovia Festival-A 2023"]
[Site "Krakow"]
[Date "2023.12.30"]
[Round "4.27"]
[White "Pyrig, Roman"]
[Black "Skytte, Rasmus"]
[Result "1/2-1/2"]
[ECO "B06"]
[WhiteElo "2154"]
[BlackElo "2337"]
[Annotator "ChessBase"]
[PlyCount "78"]
[EventDate "2023.12.24"]
[EventType "swiss"]
[EventCountry "POL"]
[SourceTitle "playchess.com"]
[Source "ChessBase"]
[SourceQuality "1"]
[TimeControl "40/5400+30:1800+30"]

1. e4 g6 2. d4 Bg7 3. Nc3 d6 4. g3 Nc6 5. Be3 Nf6 6. h3 e5 7. Nge2 d5 8. Bg2 Nxe4 9. dxe5 Nxc3 10. Nxc3 Bxe5 11. Nxd5 O-O 12. O-O Be6 13. c3 Bg7 14. Bf4 Be5 15. Bxe5 Nxe5 16. Qd4 Bxd5 17. Bxd5 Nc6 18. Bxc6 Qxd4 19. cxd4 bxc6 20. Rfc1 Rfb8 21. Rxc6 Rxb2 22. Rxc7 a5 23. a4 Rd2 24. Rd7 Ra6 25. Rd5 Re6 26. Kg2 Ree2 27. Rf1 Rd3 28. h4 h5 29. Ra1 Rdd2 30. Rf1 Rd3 31. Rd7 Red2 32. Re1 Rxd4 33. Ra7 Rd5 34. Re3 Rf5 35. Rf3 Rdd5 36. Rxf5 Rxf5 37. Kf1 Re5 38. f3 Kg7 39. Kf2 Rc5 1/2-1/2